 Dungeon Crawl Stone Soup version 0.31.0-9-g3a7656b989 (webtiles) character file.

Game seed: 9801912009696854501

51 Eitelfritz the Slasher (level 3, -2/30 HPs)
             Began as a Minotaur Gladiator on Feb 3, 2024.
             Slain by Terence
             ... wielding a +0 mace of protection
              (4 damage)
             ... on level 1 of the Dungeon.
             The game lasted 00:01:34 (869 turns).

Eitelfritz the Slasher (Minotaur Gladiator)          Turns: 869, Time: 00:01:35

Health: -2/30      AC:  3    Str: 24    XL:     3   Next: 58%
Magic:  2/2        EV: 12    Int:  7    God:
Gold:   50         SH:  0    Dex: 11    Spells: 2/2 levels left

rFire   . . .        a - +0 long sword
rCold   . . .        (no shield)
rNeg    . . .        b - +0 leather armour
rPois   .            c - +0 hat
rElec   .            (no cloak)
rCorr   .            (no gloves)
SInv    .            (no boots)
Will    .....        (no amulet)
Stlth   +            i - +6 ring of strength
HPRegen 0.25/turn    (no ring)
MPRegen 0.08/turn

%: no passive effects
@: attractive
A: horns 2, retaliatory headbutt
a: no special abilities


You were on level 1 of the Dungeon.
You visited 1 branch of the dungeon, and saw 2 of its levels.

You collected 50 gold pieces.

Inventory:

Hand Weapons
 a - a +0 long sword (weapon)
Missiles
 d - 3 throwing nets (quivered)
 e - a javelin
Armour
 b - a +0 leather armour (worn)
 c - a +0 hat (worn)
Jewellery
 i - a +6 ring of strength (left hand)
 m - an amulet of faith
Scrolls
 j - a scroll of identify {unknown}
 k - a scroll of teleportation {unknown}
 l - a scroll of torment {unknown}
Potions
 f - a potion of resistance {unknown}
 g - a potion of magic {unknown}
 h - a potion of attraction


   Skills:
 + Level 2.6 Fighting
 + Level 4.5 Long Blades
 + Level 2.3 Throwing
 + Level 0.8 Armour
 + Level 3.9 Dodging


You had 2 spell levels left.
You didn't know any spells.
Your spell library contained the following spells:

 Spells                   Type           Power      Damage    Failure   Level
 Necrotise                Necr           0%         1d4       47%         1
 Vampiric Draining        Necr           0%         2d6       85%         3
 Martyr's Knell           Necr/Summ      0%         N/A       99%         4
 Curse of Agony           Necr           0%         N/A       100%        5


Dungeon Overview and Level Annotations

Branches:
Dungeon (2/15)

Altars:

Shops:
D:1 [

Annotations:
D:1 Terence
D:2 Natasha


Innate Abilities, Weirdness & Mutations

You have a pair of horns on your head.
You reflexively headbutt those who attack you in melee.


Message History

Natasha yowls pathetically as she dies!
The cerulean imp disappears in a puff of smoke!
You have reached level 3!
Your experience leads to an increase in your attributes!
Your base attributes are Str 18, Int 5, Dex 11.
Increase (S)trength, (I)ntelligence, or (D)exterity?
You feel clever. x2
You feel yourself speed up.
HP restored.
You see here the felid corpse of Natasha.
Found an escape hatch in the ceiling.
Terence the Incautious comes into view.
He is wielding a +0 mace of protection.
Found a club.
A ribbon worm comes into view.
Found a scroll labelled JOICIR GEUMIH.
Terence hits you with a +0 mace of protection.
Natasha, Servant of Life and Death comes into view.
Natasha hisses angrily.
You hit Terence but do no damage. Your headbutt misses Terence.
Terence shouts, "Now you die!" Terence misses you.
You slash Terence!
Terence is moderately wounded.
Terence hits you with a +0 mace of protection. x2
You barely miss Terence. Your headbutt misses Terence.
Terence is moderately wounded.
Terence hits you with a +0 mace of protection!
* * * LOW HITPOINT WARNING * * *
Terence says, "How do you enjoy it?" Terence attacks as he pursues you!
Terence hits you with a +0 mace of protection.
* * * LOW HITPOINT WARNING * * *
There is an escape hatch in the ceiling, spattered with blood here.
Terence barely misses you. A mysterious force pulls you upwards.
The hatch slams shut behind you.
It was a potion of attraction.
You feel attractive to monsters.
Terence hits you with a +0 mace of protection.
You die...
Terence says, "That felt goooood."

#.# #.#.#########.
#.# #.#.∩##.......
#.####.#.###.#####.
#........# #.......
###....### #.#####.
#....# #.# #.
####....### #.# #.
#.........# #.# #.
#..@......#
#.#####.
#.@.^.....#
#.......
####...####
#######. #...# #.
#...# #######.
##.#######......(
#....>....#####.
########### ##


You could see Terence.

Vanquished Creatures
  Natasha (D:2)
  A gnoll (D:1)
  An endoplasm (D:1)
  A goblin (D:1)
  3 hobgoblins (D:1)
  A quokka (D:1)
  5 ball pythons
  2 bats (D:1)
  2 frilled lizards (D:1)
  A rat (D:1)
18 creatures vanquished.

Notes
Turn   | Place    | Note
-------+----------+-------------------------------------------
     0 | D:1      | Eitelfritz the Minotaur Gladiator began the quest for the
                  | Orb.
     0 | D:1      | Reached XP level 1. HP: 18/18 MP: 0/0
   103 | D:1      | Reached skill level 4 in Long Blades
   103 | D:1      | Reached XP level 2. HP: 18/25 MP: 1/1
   504 | D:1      | Found Heoled's Armour Shoppe.
   793 | D:2      | Noticed Natasha
   801 | D:2      | Killed Natasha
   802 | D:2      | Reached XP level 3. HP: 16/30 MP: 2/2
   860 | D:2      | Noticed Terence
   862 | D:2      | Noticed Natasha
   866 | D:2      | HP: 1/30 [Terence/+0 mace of protection (3)]
   869 | D:1      | Slain by Terence

Illustrated notes

Levels and vault maps discovered:
D:1:      mushboom_english_gardens, layout_loops_ring, serial_shops,
          nicolae_shop_just_a_little_nook
D:2:      layout_basic, hellmonk_ecumenical_altar_dog_temple,
          minmay_lizard_king, uniq_natasha, uniq_terence

Skill      XL: |  1 |
---------------+----+-----
Long Blades    | 4 |  4.5
Fighting       | |  2.6
Throwing       | |  2.3
Armour         | |  0.8
Dodging        | |  3.9

Action                     || total
---------------------------++-------
  Melee: Long sword        ||    53
         Headbutt          ||     5
    Use: Potion            ||     1
 Armour: Leather armour    ||    34
  Dodge: Dodged            ||    45
